 Dungeon Crawl Stone Soup version 0.19-a0-1047-g4b671ad (webtiles) character file.

100 Rome the Slasher (level 4, -12/37 HPs)
             Began as a Centaur Gladiator on July 31, 2016.
             Mangled by an ogre
             ... wielding a +0 giant club
              (16 damage)
             ... on level 3 of the Dungeon.
             The game lasted 00:16:57 (2144 turns).

Rome the Slasher (Centaur Gladiator)                Turns: 2144, Time: 00:16:58

Health: -12/37     AC:  8    Str: 19    XL:     4   Next: 46%
Magic:  4/4        EV:  9    Int:  7    God:
Gold:   139        SH:  0    Dex:  9    Spells: 0 memorised, 3 levels left

rFire  + . .     SeeInvis .     a - +0 long sword
rCold  . . .     Gourm    .     j - +1 ring mail {rF+}
rNeg   . . .     Faith    .     (no shield)
rPois  .         Spirit   .     c - +0 helmet
rElec  .         Dismiss  .     (no cloak)
rCorr  .         Reflect  .     h - +0 pair of gloves
SustAt .         Harm     .     (no barding)
MR     .....                    (no amulet)
Stlth  ..........               (no ring)
                                (no ring)

@: very quick, not resistant to hostile enchantments, extremely unstealthy
A: hooves 3, deformed body, speed 2, tough skin 3
a: no special abilities


You were on level 3 of the Dungeon.
You were not hungry.

You visited 1 branch of the dungeon, and saw 3 of its levels.

You collected 139 gold pieces.

Inventory:

Hand Weapons
 a - a +0 long sword (weapon)
Missiles
 b - 6 javelins
 d - a throwing net (quivered)
Armour
 c - a +0 helmet (worn)
 h - a +0 pair of gloves (worn)
 j - a +1 ring mail of fire resistance (worn)
Jewellery
 m - an uncursed ring of magical power {unknown}
Scrolls
 e - 3 scrolls of identify {unknown}
 q - a scroll of teleportation {unknown}
 t - 2 scrolls of remove curse {unknown}
Potions
 i - 2 potions of curing {unknown}
 k - a potion of degeneration {unknown}
 l - a potion of cure mutation {unknown}
 n - a potion of flight {unknown}
 p - a potion of lignification {unknown}
 s - a potion of agility {unknown}
Comestibles
 f - 2 bread rations
 g - 2 fruits
 o - a meat ration


   Skills:
 + Level 2.5 Fighting
 + Level 3.5 Long Blades
 + Level 2.3 Throwing
 + Level 0.9 Armour
 + Level 2.9 Dodging


You had 3 spell levels left.
You didn't know any spells.

Dungeon Overview and Level Annotations

Branches:
Dungeon (3/15)

Altars:
Fedhas


Innate Abilities, Weirdness & Mutations

You have hooves in place of feet.
Armour fits poorly on your strangely shaped body.
You cover ground very quickly.
You have extremely tough skin. (AC +3)


Message History

The ogre is caught in the net!
The ogre is lightly wounded.
You hit the ogre but do no damage. You kick the ogre.
The ogre is lightly wounded.
The ogre struggles against the net.
You hit the ogre but do no damage.
The ogre is lightly wounded.
The ogre struggles against the net.
You hit the ogre but do no damage. You kick the ogre.
The ogre is moderately wounded.
The ogre struggles against the net.
The helpless ogre fails to defend itself.
You hit the ogre but do no damage. You kick the ogre.
The ogre is moderately wounded.
The ogre struggles against the net. x2
The net rips apart, and the ogre comes free!
You closely miss the ogre. Your kick misses the ogre.
The ogre is moderately wounded.
The ogre hits you with a giant club!
You die...

#.#..'.'..#.##....#
###.####.####.##....#
#.............##.(..#
#.##############%...#
#.# #.....
#.##############.....
#................
#########....>...
#@....... #O......!
#.......# #.......+
#....?..# #.......#
#(......# #####+#..


You could see an ogre.

Vanquished Creatures
  5 adders
  An ooze (D:3)
  4 dart slugs
  2 giant geckos
  A ball python (D:1)
  A giant cockroach (D:1)
  9 goblins
  4 hobgoblins
  3 kobolds
  5 bats
  2 giant newts
  5 rats
42 creatures vanquished.

Notes
Turn   | Place    | Note
-------+----------+-------------------------------------------
     0 | D:1      | Rome the Centaur Gladiator began the quest for the Orb.
     0 | D:1      | Reached XP level 1. HP: 17/17 MP: 1/1
   388 | D:1      | Reached XP level 2. HP: 22/24 MP: 2/2
   562 | D:1      | Reached skill level 3 in Long Blades
   861 | D:2      | Reached XP level 3. HP: 18/29 MP: 3/3
  1541 | D:2      | Found a blossoming altar of Fedhas.
  1662 | D:3      | Reached XP level 4. HP: 32/37 MP: 4/4
  2132 | D:3      | Noticed an ogre
  2144 | D:3      | Mangled by an ogre

Vault maps used:
D:1:      dpeg_arrival_signposts
D:2:      lemuel_coloured_pillars_altar
D:3:      minmay_door_path, lemuel_round_altar, gup_sewer_entry_pipe,
          first_bread

Skill      XL: |  1  2 |
---------------+-------+-----
Long Blades    | 3 |  3.5
Fighting       | |  2.5
Throwing       | |  2.3
Armour         | |  0.9
Dodging        | |  2.9

Action                   |  1- 3 |  4- 6 || total
-------------------------+-------+-------++-------
Melee: Long sword        |   115 |    47 ||   162
       Kick              |    26 |     9 ||    35
Throw: Throwing net      |       |     2 ||     2
 Stab: Held in net/web   |       |     1 ||     1
  Eat: Royal jelly       |     1 |       ||     1
       Fruit             |     1 |       ||     1
Armor: Leather armour    |    16 |       ||    16
       Ring mail         |    50 |    18 ||    68
Dodge: Dodged            |    65 |    25 ||    90
